 Dungeon Crawl Stone Soup version 0.29-a0-1052-g6990b1bffc (webtiles) character file.

Game seed: 6115390157008800920

16935 SkeletonJelly the Severer (level 12, -2/100 HPs)
             Began as a Minotaur Fighter on Aug 16, 2022.
             Was a Follower of Hepliaklqana.
             Slain by a minotaur
             ... wielding the +9 rapier "Numisimu" {protect, rC+}
              (10 damage)
             ... in a Gauntlet on Aug 17, 2022.
             The game lasted 00:21:40 (11655 turns).

SkeletonJelly the Severer (Minotaur Fighter)       Turns: 11655, Time: 00:21:41

Health: -2/100     AC: 33    Str: 30    XL:     12   Next: 14%
Magic:  12/12      EV:  8    Int:  9    God:    Hepliaklqana [*.....]
Gold:   654        SH:  6    Dex: 17    Spells: 11/11 levels left

rFire   . . .      SeeInvis .   a - +1 war axe (flame)
rCold   x . .      Faith    .   c - +0 buckler
rNeg    . . .      Spirit   .   C - +9 plate armour of Wrong Decisions {rElec rPois rC- Int+4}
rPois   +          Reflect  .   b - +1 hat
rElec   +          Harm     .   (no cloak)
rCorr   .          Rampage  .   h - +1 pair of gloves {Str+3}
Will    .....      NoTele   +   V - +0 pair of boots of the Moon Troll {Contam Dex+8}
Stlth   ..........              (no amulet)
HPRegen 0.26/turn               g - ring of flight
MPRegen 0.13/turn               L - +4 ring of protection

@: flying
A: reduced essence, horns 2, retaliatory headbutt
a: Renounce Religion, Recall Ancestor, Ancestor Identity


You were in a Gauntlet.
You worshipped Hepliaklqana.
Hepliaklqana was aware of your devotion.
You visited 2 branches of the dungeon, and saw 12 of its levels.
You also visited: Ossuary and Gauntlet.

You collected 654 gold pieces.

Inventory:

Hand Weapons
 a - a +1 war axe of flaming (weapon)
 M - the +4 scimitar of Instant Death {flame, *Rage rElec rPois Dex+5}
   (You found it in a Gauntlet)

   It burns those it strikes, dealing additional fire damage.
   Big, fiery blades are also staple armaments of hydra-hunters.
   Dex:       It affects your dexterity (+5).
   rElec:     It insulates you from electricity.
   rPois:     It protects you from poison.
   *Rage:     It berserks you when you make melee attacks (+20% chance).
 Q - a +2 flail of protection
 R - the +5 spear "Zopy" {speed, Str+4 Dex-2 SInv}
   (You found it on level 9 of the Dungeon)

   Attacks with this weapon are significantly faster.
   Str:       It affects your strength (+4).
   Dex:       It affects your dexterity (-2).
   SInv:      It lets you see invisible.
Missiles
 p - 23 poisoned darts
 r - 8 javelins (quivered)
Armour
 b - a +1 hat (worn)
 c - a +0 buckler (worn)
 h - a +1 pair of gloves of strength (worn)
 w - a +1 pair of gloves of dexterity
 C - the +9 plate armour of Wrong Decisions (worn) {rElec rPois rC- Int+4}
   (You found it on level 5 of the Dungeon)

   Int:       It affects your intelligence (+4).
   rC:        It makes you vulnerable to cold.
   rElec:     It insulates you from electricity.
   rPois:     It protects you from poison.
 V - the +0 pair of boots of the Moon Troll (worn) {Contam Dex+8}
   (You found it in a Gauntlet)

   Dex:       It affects your dexterity (+8).
   Contam:    It causes magical contamination when unequipped.
 X - a +1 pair of boots
Jewellery
 g - a ring of flight (left hand)
 L - a +4 ring of protection (right hand)
 O - a ring of magical power
 S - a +4 ring of evasion
Wands
 y - a wand of flame (5)
 B - a wand of digging (9)
 T - a wand of polymorph (5)
 U - a wand of iceblast (5)
Scrolls
 e - 4 scrolls of poison
 f - a scroll of enchant weapon
 i - 4 scrolls of teleportation
 j - 2 scrolls of enchant armour
 k - 17 scrolls of identify
 l - 3 scrolls of fear
 n - a scroll of brand weapon
 o - a scroll of butterflies
 z - a scroll of blinking {unknown}
 D - a scroll of summoning {unknown}
 G - 4 scrolls of noise
 I - a scroll of amnesia {unknown}
 K - 2 scrolls of immolation
 W - a scroll of torment {unknown}
Potions
 d - 4 potions of might
 m - a potion of invisibility {unknown}
 q - 5 potions of magic {unknown}
 s - 4 potions of curing {unknown}
 t - 2 potions of attraction {unknown}
 u - 2 potions of resistance {unknown}
 v - 6 potions of heal wounds {unknown}
 x - 2 potions of brilliance {unknown}
 A - 2 potions of lignification {unknown}
 E - 4 potions of haste
 F - a potion of flight {unknown}
 H - a potion of berserk rage {unknown}
 J - a potion of mutation
 P - a potion of cancellation {unknown}
Miscellaneous
 N - a phantom mirror (inert)


   Skills:
 - Level 12.0 Fighting
 - Level 16.0 Axes
 - Level 12.0 Armour
 - Level 8.0 Shields
 + Level 2.0 Invocations


You had 11 spell levels left.
You didn't know any spells.
Your spell library contained the following spells:

 Spells                   Type           Power      Damage    Failure   Level
 Apportation              Tloc           0%         N/A       97%         1
 Necrotise                Necr           0%         1d4       97%         1
 Summon Small Mammal      Summ           0%         N/A       97%         1
 Ensorcelled Hibernation  Hex/Ice        0%         N/A       99%         2
 Passwall                 Tmut/Erth      0%         N/A       99%         2
 Call Canine Familiar     Summ           0%         N/A       100%        3
 Summon Guardian Golem    Hex/Summ       0%         N/A       100%        3
 Swiftness                Air            0%         N/A       100%        3


Dungeon Overview and Level Annotations

Branches:
Dungeon (11/15)            Temple (1/1) D:4             Orc (0/2) D:9
Ossuary (visited)         Gauntlet (1/1)
   Lair: D:8-11

Altars:
Ashenzari
Cheibriados
Dithmenos
Elyvilon
Fedhas
Gozag
Hepliaklqana
Kikubaaqudgha
Makhleb
Nemelex Xobeh
Okawaru
Qazlal
Ru
Sif Muna
Trog
Uskayaw
Vehumet
Wu Jian
Xom
Yredelemnul
Zin
The Shining One

Shops:
D:5 (:

Annotations:
D:5 3 runed translucent doors, flotson's ghost, weakling DsDe
D:8 3 runed translucent doors, spaghetti's ghost, novice NaBe Gauntlet 5 runed translucent doors, 6 transporters


Innate Abilities, Weirdness & Mutations

Your life essence is reduced to manifest your ancestor. (-10% HP)
You have a pair of horns on your head.
You reflexively headbutt those who attack you in melee.


Message History

You feel weaker.
You start putting on your armour.
You continue putting on your +1 pair of gloves of dexterity. x5
You finish putting on your +1 pair of gloves of dexterity.
You feel agile.
You start removing your armour.
You continue taking off your +1 pair of gloves of dexterity. x4
You finish taking off your +1 pair of gloves of dexterity.
You feel clumsy.
You start putting on your armour.
You continue putting on your +1 pair of gloves of strength. x5
You finish putting on your +1 pair of gloves of strength.
You feel stronger.
You start removing your armour.
You continue taking off your +1 pair of gloves of strength. x4
You finish taking off your +1 pair of gloves of strength.
You feel weaker.
You start putting on your armour.
You continue putting on your +1 pair of gloves of dexterity. x5
You finish putting on your +1 pair of gloves of dexterity.
You feel agile.
You start removing your armour.
You continue taking off your +1 pair of gloves of dexterity. x4
You finish taking off your +1 pair of gloves of dexterity.
You feel clumsy.
You start putting on your armour.
You continue putting on your +1 pair of gloves of strength. x5
You finish putting on your +1 pair of gloves of strength.
You feel stronger.
You enter the transporter and appear at another place.
A minotaur comes into view.
It is wielding the +9 rapier "Numisimu" {protect, rC+} and wearing the +2 scale mail "Waukurchu" {+Blink rElec rN+ Slay+2}.
Aiming: Phantom Mirror
Press: ? - help, Dir - move target, f - minotaur
Aim: a minotaur, wielding the +9 rapier "Numisimu" {protect, rC+}, wearing the +2 scale mail "Waukurchu" {+Blink rElec rN+ Slay+2} and quivering javelins (wandering, hasn't noticed you)
You reflect the minotaur with the mirror!
The mirror clouds!
The minotaur bellows!
The minotaur throws a javelin.
The javelin pierces through you.
You take 4 damage, and have 96/100 hp.
The minotaur throws a javelin.
The javelin pierces through you!
The javelin pierces through Rabi!!
You take 10 damage, and have 86/100 hp.
The minotaur hits you but does no damage.
The minotaur gores you but does no damage.
You barely miss the minotaur.
The minotaur furiously retaliates!
The minotaur headbutts you!
You take 16 damage, and have 71/100 hp.
You hit the minotaur. You burn the minotaur.
The minotaur is lightly wounded.
Your minotaur hits the minotaur with the +9 rapier "Numisimu" {protect, rC+}!
Your minotaur gores the minotaur but does no damage.
The minotaur drinks a potion.
The minotaur seems to grow stronger.
You slash the minotaur! You burn the minotaur.
The minotaur is heavily wounded.
Your minotaur shimmers and vanishes!
The minotaur hits you with the +9 rapier "Numisimu" {protect, rC+}!
You block the minotaur's attack.
You take 16 damage, and have 55/100 hp.
You slash the minotaur! You burn the minotaur.
The minotaur is severely wounded.
You barely miss the minotaur. You headbutt the minotaur.
The minotaur is severely wounded.
You block the minotaur's attack. The minotaur gores you!
You take 10 damage, and have 45/100 hp.
You closely miss the minotaur.
You headbutt the minotaur, but do no damage.
The minotaur is severely wounded.
You block the minotaur's attack. The minotaur gores you!
* * * LOW HITPOINT WARNING * * *
You take 15 damage, and have 30/100 hp.
You completely miss the minotaur.
The minotaur is severely wounded.
You block the minotaur's attack. The minotaur gores you!
* * * LOW HITPOINT WARNING * * *
You take 7 damage, and have 23/100 hp.
You closely miss the minotaur.
The minotaur is severely wounded.
You barely miss the minotaur.
The minotaur is severely wounded.
The minotaur hits you with the +9 rapier "Numisimu" {protect, rC+}.
* * * LOW HITPOINT WARNING * * *
The minotaur gores you!
* * * LOW HITPOINT WARNING * * *
You take 16 damage, and have 7/100 hp.
You swap places.
Rabi hits the minotaur but does no damage.
The minotaur hits Rabi with the +9 rapier "Numisimu" {protect, rC+}!!
The minotaur gores Rabi!
Rabi is destroyed!
Aiming: Iceblast
Press: ? - help, Shift-Dir - straight line, f/p - minotaur
Aim: a minotaur, wielding the +9 rapier "Numisimu" {protect, rC+}, wearing the +2 scale mail "Waukurchu" {+Blink rElec rN+ Slay+2} and quivering javelins (severely wounded, strong)
The mass of ice explodes!
The iceblast engulfs the minotaur.
The minotaur is severely wounded.
Okay, then.
You hit the minotaur but do no damage.
You headbutt the minotaur, but do no damage.
The minotaur is severely wounded.
The minotaur hits you with the +9 rapier "Numisimu" {protect, rC+}!
You die...

.#...#..##...#.#
.#..##...#.8.#.#
.#.#©#.∩.#...#.#
######...#.©.#.#
.#.....8.#.....#
######...#.©.#.#
YYYYY#.∩.#...#.# ##.#
#.#.=#...#.8.#.####....#
#.#.!#..##...#..@H..#
#©#.©#.###.8.########
#.#.:#.≈##...#
#.#..#.≈≈#.8.#
.....#.≈## .# ######.##
.......≈## ≈#≈≈≈#≈≈≈#
###≈###≈##


You could see a minotaur (strong).

Vanquished Creatures
  A hydra (D:9)
  4 two-headed ogres
  3 centaur warriors
  A tengu warrior (D:9)
  A sixfirhy (Gauntlet)
  Pikel (D:5)
  A deep elf pyromancer (D:9)
  2 ugly things
  A moth of wrath (Gauntlet)
  A gargoyle (D:9)
  Psyche (D:8)
  A tengu conjurer (D:9)
  5 trolls
  A queen bee (Gauntlet)
  A hornet (D:7)
  Grinder (D:3)
  Sigmund (D:4)
  A shadow (D:10)
  5 yaks (D:9)
  A wyvern (D:8)
  Eustachio (D:6)
  A vampire mosquito (D:9)
  Edmund (D:6)
  Menkaure (D:6)
  2 redbacks (Gauntlet)
  5 water moccasins
  4 sky beasts
  3 ice beasts
  A black bear (D:6)
  2 orc warriors
  2 ogres
  4 centaurs
  3 lemures (D:5)
  A kobold brigand (D:7)
  A phantom (D:5)
  Blork the orc (D:6)
  2 bullfrogs
  2 necrophages
  3 scorpions
  A gnoll sergeant (D:7)
  A wight (D:7)
  3 killer bees (Gauntlet)
  5 howler monkeys
  2 centaur zombies (Ossuary)
  3 human zombies (Ossuary)
  3 orc priests
  3 gnoll boudas (D:7)
  9 hounds
  5 jellies
  7 iguanas
  2 orc wizards
  Ijyb (D:5)
  Natasha (thrice) (D:3)
  5 mummies
  9 gnolls
  10 adders
  3 shadow imps
  4 white imps
  7 ufetubi
  A worm (D:2)
  3 dart slugs
  32 orcs
  5 bats
  8 endoplasms
  4 giant cockroaches
  2 gnoll zombies (Ossuary)
  6 hobgoblins
  8 jackals
  4 quokkas
  10 ball pythons
  2 frilled lizards
  7 goblins
  A goblin zombie (Ossuary)
  A hobgoblin zombie (D:7)
  10 kobolds
  An orc zombie (D:7)
  9 rats
274 creatures vanquished.

Vanquished Creatures (collateral kills)
  2 redbacks (Gauntlet)
2 creatures vanquished.

Vanquished Creatures (others)
  2 ancestors (Gauntlet)
  14 fungi
  45 plants
61 creatures vanquished.

Grand Total: 337 creatures vanquished

Notes
Turn   | Place    | Note
-------+----------+-------------------------------------------
     0 | D:1      | SkeletonJelly the Minotaur Fighter began the quest for the
                  | Orb.
     0 | D:1      | Reached XP level 1. HP: 19/19 MP: 0/0
     0 | D:1      | Upgraded the game from 0.29-a0-1047-g7c58e119a4 to
                  | 0.29-a0-1052-g6990b1bffc
    15 | D:1      | Reached skill level 3 in Axes
    15 | D:1      | Reached XP level 2. HP: 27/27 MP: 1/1
   243 | D:1      | Found a faded altar of an unknown god.
   389 | D:1      | Reached XP level 3. HP: 33/33 MP: 2/2
   486 | D:1      | Reached skill level 4 in Axes
   830 | D:2      | Reached XP level 4. HP: 38/41 MP: 3/3
  1562 | D:3      | Noticed Natasha
  1575 | D:3      | Killed Natasha
  1576 | D:3      | Reached skill level 5 in Axes
  1858 | D:3      | Noticed Grinder
  1869 | D:3      | Paralysed by Grinder for 2 turns
  1874 | D:3      | Killed Grinder
  1875 | D:3      | Reached skill level 5 in Fighting
  1875 | D:3      | Reached skill level 6 in Axes
  1875 | D:3      | Reached XP level 5. HP: 41/49 MP: 4/4
  1875 | D:3      | Reached XP level 6. HP: 47/56 MP: 5/5
  2196 | D:3      | Noticed Natasha
  2202 | D:3      | Killed Natasha
  2207 | D:3      | Reached skill level 7 in Axes
  2228 | D:3      | Noticed Natasha
  2238 | D:3      | Killed Natasha
  2813 | D:4      | Found a staircase to the Ecumenical Temple.
  2831 | Temple   | Entered the Ecumenical Temple
  3113 | D:4      | Noticed Sigmund
  3216 | D:4      | Killed Sigmund
  3217 | D:4      | Reached skill level 8 in Axes
  3217 | D:4      | Reached XP level 7. HP: 29/64 MP: 6/6
  3504 | D:4      | Found a radiant altar of Vehumet.
  3504 | D:4      | Found an ancient bone altar of Kikubaaqudgha.
  3655 | D:5      | Entered Level 5 of the Dungeon
  3686 | D:5      | Found Kiyg's Book Boutique.
  3741 | D:5      | Noticed Ijyb
  3757 | D:5      | Killed Ijyb
  3973 | D:5      | Noticed flotson's ghost (weakling DsDe)
  4017 | D:5      | Reached skill level 9 in Axes
  4076 | D:5      | Found Bexo's Antique Weapon Emporium.
  4237 | D:5      | Reached XP level 8. HP: 57/73 MP: 7/7
  4351 | D:5      | Identified the +9 plate armour of Wrong Decisions {rElec
                  | rPois rC- Int+4}
  4640 | D:5      | Found a runed translucent gate.
  4640 | D:5      | Found a runed translucent gate.
  4640 | D:5      | Found a runed translucent gate.
  4658 | D:5      | Noticed Pikel
  4671 | D:5      | Killed Pikel
  4672 | D:5      | Reached skill level 10 in Axes
  5034 | D:6      | Noticed Edmund
  5045 | D:6      | Killed Edmund
  5046 | D:6      | Reached skill level 11 in Axes
  5065 | D:6      | Noticed Blork the orc
  5076 | D:6      | Killed Blork the orc
  5263 | D:6      | Noticed Eustachio
  5268 | D:6      | Reached XP level 9. HP: 79/82 MP: 8/8
  5464 | D:6      | Noticed a two-headed ogre
  5471 | D:6      | Killed a two-headed ogre
  5472 | D:6      | Reached skill level 12 in Axes
  5647 | D:6      | Killed Eustachio
  5656 | D:6      | Reached skill level 13 in Axes
  5706 | D:6      | Noticed Menkaure
  5713 | D:6      | Killed Menkaure
  5746 | D:6      | Reached skill level 10 in Fighting
  5931 | D:7      | Found a sand-covered staircase.
  5940 | Ossuary  | Entered an ossuary
  6350 | D:7      | Reached skill level 14 in Axes
  6452 | D:7      | Noticed a troll
  6461 | D:7      | Killed a troll
  6462 | D:7      | Reached XP level 10. HP: 60/94 MP: 9/9
  6693 | D:7      | Noticed a centaur warrior
  6709 | D:7      | Killed a centaur warrior
  6983 | D:7      | Reached skill level 15 in Axes
  7104 | D:7      | Found an iron altar of Okawaru.
  7522 | D:7      | Noticed a brown ugly thing
  7529 | D:7      | Killed a brown ugly thing
  7530 | D:7      | Reached skill level 16 in Axes
  8030 | D:8      | Found a runed translucent gate.
  8030 | D:8      | Noticed a skeletal warrior
  8031 | D:8      | Found a runed translucent gate.
  8032 | D:8      | Found a runed translucent gate.
  8032 | D:8      | Noticed spaghetti's ghost (novice NaBe)
  8166 | D:8      | Found a white marble altar of Elyvilon.
  8170 | D:8      | Noticed Psyche
  8174 | D:8      | Killed Psyche
  8243 | D:8      | Reached XP level 11. HP: 104/104 MP: 10/10
  8424 | D:9      | Noticed a two-headed ogre
  8427 | D:9      | Noticed a purple ugly thing
  8428 | D:9      | Noticed a centaur warrior
  8429 | D:9      | Noticed a centaur warrior
  8429 | D:9      | Noticed a two-headed ogre
  8430 | D:9      | Noticed a five-headed hydra
  8434 | D:9      | Killed a two-headed ogre
  8435 | D:9      | Reached skill level 5 in Armour
  8435 | D:9      | Reached skill level 5 in Shields
  8447 | D:8      | Killed a purple ugly thing
  8676 | D:9      | Noticed a tengu warrior
  8688 | D:9      | Killed a tengu warrior
  8803 | D:9      | Killed a two-headed hydra
  8973 | D:9      | Noticed a deep elf pyromancer
  8991 | D:9      | Killed a two-headed ogre
  8991 | D:9      | Killed a centaur warrior
  8999 | D:9      | Killed a deep elf pyromancer
  9215 | D:9      | Found a staircase to the Orcish Mines.
  9260 | D:9      | Found a hazy altar of Hepliaklqana.
  9261 | D:9      | Found a shimmering altar of Xom.
  9266 | D:9      | Became a worshipper of Hepliaklqana the Forgotten
  9409 | D:9      | Killed a centaur warrior
  9576 | D:9      | Identified the +5 spear "Zopy" {speed, Str+4 Dex-2 SInv}
  9584 | D:9      | Found a glowing golden altar of the Shining One.
  9629 | D:9      | Reached skill level 10 in Armour
  9752 | D:9      | Found a blossoming altar of Fedhas.
  9755 | D:9      | Found a glowing silver altar of Zin.
  9759 | D:9      | Found a snail-covered altar of Cheibriados.
 10075 | D:10     | Entered Level 10 of the Dungeon
 10220 | D:10     | Noticed a two-headed ogre
 10229 | D:10     | Killed a two-headed ogre
 10450 | D:10     | Reached * piety under Hepliaklqana
 10911 | D:11     | Found a gate leading to a gauntlet.
 10935 | Gauntlet | Entered a Gauntlet
 10935 | Gauntlet | Found a runed translucent gate.
 10935 | Gauntlet | Found a transporter.
 10935 | Gauntlet | Found a runed translucent gate.
 10935 | Gauntlet | Found a runed translucent gate.
 10935 | Gauntlet | Found a transporter.
 10946 | Gauntlet | Found a transporter.
 10950 | Gauntlet | Found a transporter.
 10954 | Gauntlet | Found a runed translucent door.
 10954 | Gauntlet | Found a runed translucent door.
 10958 | Gauntlet | Found a transporter.
 10958 | Gauntlet | Noticed a necromancer
 10962 | Gauntlet | Found a transporter.
 10964 | Gauntlet | Noticed a death yak
 10964 | Gauntlet | Noticed a death yak
 10965 | Gauntlet | Noticed a death yak
 10965 | Gauntlet | Noticed a death yak
 10965 | Gauntlet | Noticed a death yak
 10965 | Gauntlet | Noticed a death yak
 10967 | Gauntlet | Noticed a necromancer
 10972 | Gauntlet | Found a transporter.
 10986 | Gauntlet | Found a transporter.
 11008 | Gauntlet | Found a transporter.
 11012 | Gauntlet | Found a transporter.
 11017 | Gauntlet | Noticed a sixfirhy
 11020 | Gauntlet | Found a transporter.
 11024 | Gauntlet | Found a transporter.
 11077 | Gauntlet | Reached XP level 12. HP: 97/100 MP: 11/11
 11301 | Gauntlet | Reached skill level 1 in Invocations
 11568 | Gauntlet | Identified the +4 scimitar of Instant Death {flame, *Rage
                  | rElec rPois Dex+5}
 11570 | Gauntlet | Identified the +0 pair of boots of the Moon Troll {Contam
                  | Dex+8}
 11639 | Gauntlet | Identified the +9 rapier "Numisimu" {protect, rC+}
 11639 | Gauntlet | Identified the +2 scale mail "Waukurchu" {+Blink rElec rN+
                  | Slay+2}
 11639 | Gauntlet | Noticed a minotaur
 11655 | Gauntlet | Slain by a minotaur

Illustrated notes

Levels and vault maps discovered:
D:1:      erik_arrival_blinker_ship, layout_rooms,
          dreamdust_ecumenical_altar_grove
D:2:      layout_basic, minmay_pentomino_pile
D:3:      layout_loops_ring, uniq_natasha, uniq_grinder
D:4:      layout_rooms, jmf_multi_god_temple,
          minmay_temple_entry_gardened_gates, dreamdust_princess_bridge,
          uniq_sigmund
D:5:      layout_gridville, gammafunk_ghost_icy, serial_shops, shop,
          nicolae_shop_trees, st_stairs_8, dreamdust_gnoll_farm, uniq_pikel,
          uniq_ijyb
D:6:      layout_cave_pools, uniq_edmund, uniq_blork_the_orc, uniq_eustachio,
          uniq_menkaure
D:7:      nzn_winding_woodlands_cross [nzn_winding_woodlands_5x15_pool,
          nzn_winding_woodlands_5x15_sawtooth,
          nzn_winding_woodlands_5x15_concentric,
          nzn_winding_woodlands_5x15_sidewinder,
          nzn_winding_woodlands_15x15_five_gardens], layout_loops_ring,
          mainiacjoe_overflow_chevrons, nicolae_ossuary_entry_giza
D:8:      layout_basic, mainiacjoe_overflow_alcove_2, gammafunk_ghost_split,
          uniq_psyche
D:9:      layout_roguey, regret_index_temple_of_mockery,
          grunt_temple_overflow_diamond, tso_metal_star, minivault_28
D:10:     layout_basic
D:11:     layout_roguey, dpeg_oklobed_lair, gammafunk_ghost_cemetery,
          gauntlet_entry_generic, kennysheep_generic_room_14, uniq_urug
Temple:   nicolae_temple_no_exploring_needed
Gauntlet: minmay_gauntlet_77_indecision [minmay_gauntlet_arena_77_run_for_it,
          minmay_gauntlet_arena_77_mirror, minmay_gauntlet_arena_77_shame_cube,
          minmay_gauntlet_arena_77_box, minmay_gauntlet_arena_77_chump_sandwich,
          minmay_gauntlet_arena_77_radiant_squares,
          dreamdust_gauntlet_exit_labyrinth]

Skill      XL: |  1  2  3  4  5  6  7  8  9 10 11 12 |
---------------+-------------------------------------+-----
Axes           | 3 4 6 8 9 11 14 16 | 16.0
Fighting       | 4 5 6 7 8 10 12 | 12.0
Armour         | 4 11 12 | 12.0
Shields        | 4 8 |  8.0
Invocations    | 2 |  2.0

Action                   |  1- 3 |  4- 6 |  7- 9 | 10-12 || total
-------------------------+-------+-------+-------+-------++-------
Melee: War axe           |    80 |   130 |   274 |   302 ||   786
       Headbutt          |    10 |    24 |    59 |    56 ||   149
Throw: Javelin           |       |     4 |       |       ||     4
Evoke: Wand              |       |       |       |     1 ||     1
       Phantom mirror    |       |       |       |     1 ||     1
  Use: Scroll            |       |       |     9 |       ||     9
       Potion            |       |       |       |     1 ||     1
Armor: Scale mail        |    34 |    41 |    20 |       ||    95
       Plate armour      |       |       |   118 |   189 ||   307
Dodge: Dodged            |    51 |    51 |    80 |    79 ||   261
Block: Buckler           |    15 |    26 |    60 |    74 ||   175

Table legend: (Time is in decaauts)
 A = Elapsed time spent in this place.
 B = Non-inter-level travel time spent in this place.
 C = Inter-level travel time spent in this place.
 D = Time resting spent in this place.
 E = Time spent auto-exploring this place.
 F = Levels seen in this place.
 G = Mean time per level.
                   A        B        C        D        E       F      G
               +--------+--------+--------+--------+--------+-----+--------+
         Total |  11665 |  11246 |    419 |    105 |   9138 |  14 |  833.2 |
       Dungeon |  10575 |  10156 |    419 |      0 |   8510 |  11 |  961.4 |
        Temple |     78 |     78 |      0 |      0 |     74 |   1 |   78.0 |
       Ossuary |    305 |    305 |      0 |      0 |    175 |   1 |  305.0 |
      Gauntlet |    706 |    706 |      0 |    105 |    379 |   1 |  706.0 |
               +--------+--------+--------+--------+--------+-----+--------+

Top non-repeatable levels by time:
     D:7: 1451 daAuts
     D:9: 1450 daAuts
     D:5: 1416 daAuts
     D:3: 1219 daAuts
     D:8: 961 daAuts
     D:2: 890 daAuts
     D:4: 857 daAuts
    D:10: 767 daAuts
     D:6: 763 daAuts
     D:1: 707 daAuts
Gauntlet: 706 daAuts
 Ossuary: 305 daAuts
    D:11: 88 daAuts
  Temple: 78 daAuts
